 Dungeon Crawl Stone Soup version 0.22-a0-533-g4d20840 (webtiles) character file.

136 stealthycow the Cudgeler (level 5, 0/33 HPs)
             Began as a Gargoyle Berserker on June 22, 2018.
             Was a Believer of Trog.
             Slain by a gnoll (2 damage)
             ... on level 3 of the Dungeon.
             The game lasted 00:03:20 (2265 turns).

stealthycow the Cudgeler (Gargoyle Berserker)       Turns: 2265, Time: 00:03:20

Health: 0/33       AC: 10    Str: 21    XL:     5   Next: 19%
Magic:  5/5        EV: 11    Int:  7    God:    Trog [**....]
Gold:   101        SH:  0    Dex: 10    Spells: 4/4 levels left

rFire    . . .     SeeInvis .   a - +0 mace
rCold    . . .     Gourm    .   (no shield)
rNeg     + . .     Faith    .   e - +0 ring mail
rPois    ∞         Spirit   .   (no helmet)
rElec    +         Reflect  .   (no cloak)
rCorr    .         Harm     .   n - +0 pair of gloves
MR       .....                  (no boots)
Stlth    ..........             (no amulet)
HPRegen  0.11/turn              (no ring)
MPRegen  0.09/turn              (no ring)

@: berserk cooldown, slowed, very slow
A: negative energy resistance 1, electricity resistance, unbreathing,
petrification resistance, rot immunity, AC +4
a: Berserk, Trog's Hand, Renounce Religion


You were on level 3 of the Dungeon.
You worshipped Trog.
Trog was pleased with you.
You were hungry.

You visited 1 branch of the dungeon, and saw 3 of its levels.

You collected 101 gold pieces.

Inventory:

Hand Weapons
 a - a +0 mace (weapon)
Armour
 e - a +0 ring mail (worn)
 n - a +0 pair of gloves (worn)
Scrolls
 d - 5 scrolls of magic mapping {unknown}
 f - a scroll of enchant armour {unknown}
 i - 7 scrolls of identify {unknown}
 j - 3 scrolls of blinking {unknown}
 l - a scroll of amnesia {unknown}
 m - a scroll of enchant weapon {unknown}
Potions
 g - 3 potions of agility {unknown}
 h - 2 potions of invisibility {unknown}
 k - 2 potions of magic {unknown}
Comestibles
 c - 6 rations


   Skills:
 + Level 4.0 Fighting
 * Level 4.2 Maces & Flails
 + Level 3.2 Armour
 + Level 2.3 Dodging


You had 4 spell levels left.
You didn't know any spells.
Your spell library was empty.

Dungeon Overview and Level Annotations

Branches:
Dungeon (3/15)

Altars:


Innate Abilities, Weirdness & Mutations

You are resistant to torment.
Your stone body is resilient. (AC +4)
You are immune to poison.
You resist negative energy. (rN+)
You are resistant to electric shocks. (rElec)
You can survive without breathing.
You are immune to petrification.
You are immune to rotting.


Message History

You see here a spear.
You feel a strong urge to attack something.
The gnoll hits you but does no damage.
You closely miss the gnoll.
The gnoll is heavily wounded.
The gnoll hits you.
* * * LOW HITPOINT WARNING * * *
You barely miss the gnoll.
The gnoll is heavily wounded.
You are no longer berserk.
You are exhausted.
You feel yourself slow down. The gnoll misses you.
You hit the gnoll.
The gnoll is heavily wounded.
The gnoll hits you.
* * * LOW HITPOINT WARNING * * *
You hit the gnoll.
The gnoll is severely wounded.
The gnoll hits you.
You die...

#####..####
#......#
#......#
#<.....#
###..(...#
#........#
#.########
#######.#
#g@)..#.#
#.#)#.#.#
...#.#...#
#####.#####
#.# #.# ...
###


You could see a gnoll.

Vanquished Creatures
  5 gnolls
  5 adders (D:2)
  2 dart slugs
  A worm (D:2)
  8 bats
  2 giant cockroaches (D:2)
  2 hobgoblins (D:1)
  2 kobolds
  A ball python (D:1)
  3 frilled lizards (D:1)
  6 goblins
  4 rats
41 creatures vanquished.

Notes
Turn   | Place    | Note
-------+----------+-------------------------------------------
     0 | D:1      | stealthycow the Gargoyle Berserker began the quest for the Orb.
     0 | D:1      | Reached XP level 1. HP: 14/14 MP: 1/1
   244 | D:1      | Reached XP level 2. HP: 19/19 MP: 2/2
   900 | D:2      | Reached XP level 3. HP: 23/23 MP: 3/3
   959 | D:2      | Reached ** piety under Trog
  1119 | D:2      | Reached XP level 4. HP: 29/29 MP: 4/4
  2183 | D:3      | Reached XP level 5. HP: 33/33 MP: 5/5
  2265 | D:3      | Slain by a gnoll

Vault maps used:
D:1:      lemuel_arrival_funnel, roderic_lattice_a
D:2:      first_ration, dk_noncrumbling_2, kennysheep_cross_bottleneck
D:3:      minmay_misc_feat_ornament

Skill      XL: |  1  2  3  4 |
---------------+-------------+-----
Dodging        | 2 |  2.3
Maces & Flails | 4 |  4.2
Armour         | 3 |  3.2
Fighting       | 4 |  4.0

Action                   |  1- 3 |  4- 6 || total
-------------------------+-------+-------++-------
Melee: Mace              |    94 |    90 ||   184
Invok: Berserk           |     1 |     1 ||     2
  Eat: Chunk             |     1 |     5 ||     6
Armor: Ring mail         |    47 |    50 ||    97
Dodge: Dodged            |    60 |    64 ||   124

Table legend:
 A = Spawn XP
 B = Non-spawn XP
 C = Spawn XP percentage of total XP
 D = Spawn monster count
 E = Non-spawn monster count
 F = Spawn count percentage of total count
 G = Total turns spent on level
                    A         B        C        D         E        F      G
               +---------+---------+-------+---------+---------+-------+---------
         Total |       0 |     195 |   0.0 |       0 |      41 |   0.0 |  2265
               +---------+---------+-------+---------+---------+-------+---------
           D:1 |       0 |      32 |   0.0 |       0 |      20 |   0.0 |   859
           D:2 |       0 |     129 |   0.0 |       0 |      16 |   0.0 |  1307
           D:3 |       0 |      34 |   0.0 |       0 |       5 |   0.0 |    99
               +---------+---------+-------+---------+---------+-------+---------
